 Dungeon Crawl Stone Soup version 0.25.1-4-g9407a263a5 (webtiles) character file.

Game seed: 8452674471997368649

141 Clowwww the Chopper (level 5, -2/41 HPs)
             Began as a Demonspawn Berserker on Nov 29, 2020.
             Was a Believer of Trog.
             Slain by an orc priest
             ... wielding a +0 club
              (6 damage)
             ... on level 3 of the Dungeon.
             The game lasted 00:04:46 (2659 turns).

Clowwww the Chopper (Demonspawn Berserker)          Turns: 2659, Time: 00:04:47

Health: -2/41      AC:  4    Str: 18    XL:     5   Next: 3%
Magic:  5/5        EV: 12    Int:  9    God:    Trog [**....]
Gold:   95         SH:  0    Dex: 12    Spells: 4/4 levels left

rFire    . . .     SeeInvis .   a - +0 hand axe
rCold    . . .     Gourm    .   (no shield)
rNeg     . . .     Faith    .   b - +0 animal skin
rPois    .         Spirit   .   (no helmet)
rElec    .         Reflect  .   (no cloak)
rCorr    .         Harm     .   (no gloves)
MR       .....                  (no boots)
Stlth    ++........             (no amulet)
HPRegen  0.13/turn              (no ring)
MPRegen  0.09/turn              (no ring)

@: no status effects
A: iridescent scales 1, rot immunity
a: Berserk, Trog's Hand, Renounce Religion


You were on level 3 of the Dungeon.
You worshipped Trog.
Trog was pleased with you.
You were not hungry.

You visited 1 branch of the dungeon, and saw 3 of its levels.

You collected 95 gold pieces.

Inventory:

Hand Weapons
 a - a +0 hand axe (weapon)
Missiles
 d - 6 poisoned darts (quivered)
Armour
 b - a +0 animal skin (worn)
Jewellery
 m - an uncursed ring of protection from magic {unknown}
 p - an uncursed ring of protection from cold
Wands
 r - a wand of flame (23)
Scrolls
 e - a scroll of noise {unknown}
 f - a scroll of fear {unknown}
 g - a scroll of fog {unknown}
 k - a scroll of amnesia {unknown}
 n - 2 scrolls of identify {unknown}
 o - 3 scrolls of remove curse {unknown}
 q - a scroll of enchant armour {unknown}
Potions
 h - a potion of brilliance {unknown}
 i - 2 potions of haste {unknown}
 j - a potion of cancellation {unknown}
 l - a potion of heal wounds {unknown}
Comestibles
 c - 7 rations


   Skills:
 + Level 3.5 Fighting
 + Level 4.0 Axes
 + Level 1.3 Throwing
 + Level 2.0 Armour
 + Level 2.2 Dodging
 + Level 1.2 Stealth


You had 4 spell levels left.
You didn't know any spells.
Your spell library was empty.

Dungeon Overview and Level Annotations

Branches:
Dungeon (3/15)

Altars:


Innate Abilities, Weirdness & Mutations

You are partially covered in iridescent scales. (AC +2)
You are immune to rotting.


Message History

You hit the orc priest.
The orc priest is almost dead.
The orc priest calls down the wrath of Beogh upon you.
Beogh smites you!
* * * LOW HITPOINT WARNING * * *
You closely miss the orc priest.
The orc priest is almost dead.
The orc priest hits you with a +0 club.
* * * LOW HITPOINT WARNING * * *
Okay, then.
You closely miss the orc priest.
The orc priest is almost dead.
The orc priest hits you but does no damage.
You hit the orc priest but do no damage.
The orc priest is almost dead.
The orc priest closely misses you.
You barely miss the orc priest.
The orc priest is almost dead.
The orc priest hits you with a +0 club.
You die...

######### #........
##############.......
#....................
#.######.............
#.# ####........÷....
#.# #................
#.# #................
#.###......)......###
#...@[.....÷.######
#####o.......#
#........# #[.......#
#........# #........#
##....(..# #....####
#...(.


You could see an orc priest.

Vanquished Creatures
  An orc priest (D:2)
  A worker ant (D:3)
  3 adders (D:2)
  An ooze (D:1)
  2 worms
  3 dart slugs
  7 orcs
  A giant cockroach (D:1)
  4 goblins
  4 hobgoblins
  4 kobolds
  5 bats
  3 frilled lizards
  4 rats (D:2)
43 creatures vanquished.

Notes
Turn   | Place    | Note
-------+----------+-------------------------------------------
     0 | D:1      | Clowwww the Demonspawn Berserker began the quest for the
                  | Orb.
     0 | D:1      | Reached XP level 1. HP: 18/18 MP: 1/1
    71 | D:1      | Gained mutation: You are partially covered in iridescent
                  | scales. (AC +2) [demonic ancestry]
    71 | D:1      | Reached XP level 2. HP: 19/24 MP: 2/2
   490 | D:1      | Reached skill level 3 in Axes
   627 | D:2      | Reached XP level 3. HP: 16/29 MP: 3/3
  1098 | D:2      | Reached ** piety under Trog
  1108 | D:2      | Reached skill level 1 in Stealth
  1108 | D:2      | Gained mutation: You are immune to rotting. [demonic
                  | ancestry]
  1108 | D:2      | Reached XP level 4. HP: 27/35 MP: 4/4
  1480 | D:2      | Reached skill level 1 in Throwing
  2149 | D:3      | Reached skill level 4 in Axes
  2642 | D:3      | Reached XP level 5. HP: 24/41 MP: 5/5
  2659 | D:3      | Slain by an orc priest

Illustrated notes

Levels and vault maps discovered:
D:1:      matt_arrival_grand_opening, layout_rooms
D:2:      layout_loops_corners
D:3:      layout_basic, lemuel_round_altar, demons_altar, minitemple,
          first_ration, minmay_misc_feat_encased, uniq_terence

Skill      XL: |  1  2  3  4 |
---------------+-------------+-----
Armour         | 2 |  2.0
Dodging        | 2 |  2.2
Axes           | 3 4 |  4.0
Stealth        | 1 |  1.2
Throwing       | 1 |  1.3
Fighting       | |  3.5

Action                   |  1- 3 |  4- 6 || total
-------------------------+-------+-------++-------
Melee: Hand axe          |    58 |    65 ||   123
Throw: Dart              |    32 |    14 ||    46
Invok: Berserk           |     1 |       ||     1
 Stab: Sleeping          |     1 |       ||     1
  Eat: Chunk             |     1 |     5 ||     6
Armor: Animal skin       |    13 |    12 ||    25
Dodge: Dodged            |    23 |    39 ||    62
